 Dungeon Crawl Stone Soup version 0.31-a0-542-gdc2a67831c (webtiles) character file.

Game seed: 5263029529921741696

2438 ragingrage the Cleaver (level 9, -7/63 HPs)
             Began as a Mummy Berserker on Aug 14, 2023.
             Was a High Priest of Trog.
             Mangled by a troll (15 damage)
             ... on level 6 of the Dungeon.
             The game lasted 00:07:15 (4967 turns).

ragingrage the Cleaver (Mummy Berserker)            Turns: 4967, Time: 00:07:16

Health: -7/63      AC:  9    Str: 24    XL:     9   Next: 25%
Magic:  9/9        EV: 10    Int:  7    God:    Trog [*****.]
Gold:   297        SH:  0    Dex: 11    Spells: 8/8 levels left

rFire   x . .        z - +8 frozen axe "Frostbite" {freeze, freezing cloud, *Noise Fly rC+}
rCold   + + +        (shield currently unavailable)
rNeg    + + +        v - +1 scale mail {Will+}
rPois   ∞            i - +1 hat
rElec   .            (no cloak)
rCorr   .            f - +0 pair of gloves
SInv    .            (no boots)
Will    ++...        (no amulet) Stlth
                     g - ring of protection from cold
HPRegen 0.30/turn    h - ring of flight
MPRegen 0.11/turn

%: faith
@: flying
A: cold resistance 1, negative energy resistance 3, torment resistance 2, heat
vulnerability 1, in touch with death 1, no potions, faith
a: Renounce Religion, Trog's Hand, Brothers in Arms


You were on level 6 of the Dungeon.
You worshipped Trog.
Trog was extremely pleased with you.
You visited 1 branch of the dungeon, and saw 6 of its levels.
You also visited: Sewer.

You collected 297 gold pieces.

Inventory:

Hand Weapons
 a - a +0 broad axe
 j - a +0 sling
 z - the +8 frozen axe "Frostbite" (weapon) {freeze, freezing cloud, *Noise Fly rC+}
   (Trog gifted it to you on level 6 of the Dungeon)

   rC+:       It protects you from cold.
   Fly:       It grants you flight.
   *Noise:    It may make a loud noise when swung.
Missiles
 b - 3 boomerangs
 d - a throwing net
 u - 11 poisoned darts
Armour
 f - a +0 pair of gloves (worn)
 i - a +1 hat (worn)
 l - a +2 scale mail of cold resistance
 n - a scarf of harm
 v - a +1 scale mail of willpower (worn)
Jewellery
 g - a ring of protection from cold (left hand)
 h - a ring of flight (right hand)
 k - a ring of protection from cold
 A - an amulet of regeneration
Wands
 w - a wand of charming (5)
Scrolls
 c - a scroll of blinking {unknown}
 e - a scroll of butterflies {unknown}
 o - 4 scrolls of immolation
 p - 2 scrolls of teleportation {unknown}
 q - a scroll of noise {unknown}
 r - 2 scrolls of identify {unknown}
 s - 2 scrolls of fear {unknown}
 t - a scroll of revelation {unknown}
 x - a scroll of brand weapon {unknown}
 y - a scroll of fog {unknown}


   Skills:
 - Level 3.0 Fighting
 + Level 10.8 Axes
 - Level 1.5 Armour
 - Level 1.5 Dodging


You had 8 spell levels left.
You didn't know any spells.
Your spell library was empty.

Dungeon Overview and Level Annotations

Branches:
Dungeon (6/15)             Temple (0/1) D:6           Sewer (visited)

Altars:
Sif Muna
Uskayaw
Wu Jian
Xom

Annotations:
D:2 exclusion: downstairs


Innate Abilities, Weirdness & Mutations

You are immune to poison.
Your flesh is cold resistant. (rC+)
You are immune to negative energy. (rN+++)
You are immune to unholy pain and torment.
You are vulnerable to heat. (rF-)
You are in touch with the powers of death.
You do not drink.
You have a special connection with the divine. (Faith)


Message History

The centaur closely misses you. The centaur misses you.
A hound comes into view.
The hound barks!
You slice the centaur!! You freeze the centaur!
You kill the centaur!
Trog accepts your kill.
A vampire comes into view.
You slash the troll! You freeze the troll.
A hound comes into view.
The troll bites you! The troll claws you. The troll closely misses you.
You are too injured to fight recklessly!
You are too injured to fight recklessly!
You are too injured to fight recklessly!
You are too injured to fight recklessly!
You are too injured to fight recklessly!
You are too injured to fight recklessly!
You are too injured to fight recklessly!
There are monsters nearby!
You closely miss the troll.
The hound barks!
The troll bites you but does no damage.
The troll claws you but does no damage. x2
You barely miss the troll. The troll bites you! The troll barely misses you.
The troll claws you but does no damage.
The iguana bites you but does no damage.
The troll barely misses you. x2; The troll claws you!
The hound bites you but does no damage.
You are too injured to fight recklessly!
The air fills with toxic fumes!
As you read the scroll of poison, it crumbles to dust.
The butterfly is engulfed in poison gas.
The butterfly is poisoned.
You kill the butterfly!
The hound bites you. The troll bites you.
* * * LOW HITPOINT WARNING * * *
The troll claws you but does no damage. The troll claws you.
* * * LOW HITPOINT WARNING * * *
The iguana closely misses you.
Unknown command.
The troll attacks as you move away! The troll bites you!
You die...

## §§ ... ... .# #§ .#. .#S ..
#§###.#.###.#.###.. §
#§§§..#..)..#...... §§§ .§#..
..#.. ..#..
§§§.###V#.###§#.###.#.##
§§§§§§§l#§§§§§#.....#...
#§§§T@§§§§§§§..†......
##.##..#§§§h§§§§§§§§.....†...
....§§§§§§§#§§§§§§§#####†...
#..##§§§§#####§§§§## ##..#
#..##§§§§# #§§§## #... .
#...§§§§.#####.§§##### #._.
...###...§§§.........§§§....##...
.........§§§.........§§§.........
#.......................##..


You could see a troll, a vampire, an iguana and a hound.

Vanquished Creatures
  Sigmund (D:3)
  Eustachio (D:6)
  A water moccasin (D:6)
  An ogre (D:6)
  4 black bears
  A sky beast (D:6)
  A centaur (D:6)
  A phantom (D:5)
  A kobold brigand (D:6)
  5 scorpions
  A bullfrog (D:6)
  A gnoll bouda (D:6)
  6 hounds
  A jelly (D:6)
  4 orc priests
  2 iguanas (D:5)
  2 scorpion zombies (D:3)
  An orc wizard (D:5)
  A hound skeleton (D:3)
  2 gnolls
  8 adders
  4 river rats (Sewer)
  A shadow imp (D:6)
  An adder zombie (D:3)
  2 adder skeletons (D:3)
  3 worms
  6 dart slugs
  7 orcs (D:5)
  14 ball pythons
  13 bats
  11 endoplasms
  4 giant cockroaches
  15 goblins
  6 hobgoblins
  6 jackals
  15 kobolds
  8 quokkas
  2 ball python skeletons (D:3)
  6 frilled lizards
  A rat (D:3)
  A butterfly (D:6)
172 creatures vanquished.

Vanquished Creatures (collateral kills)
  Blork the orc (D:4)
  A hound (D:4)
  3 gnolls (D:4)
  A kobold (D:4)
6 creatures vanquished.

Grand Total: 178 creatures vanquished

Notes
Turn   | Place    | Note
-------+----------+-------------------------------------------
     0 | D:1      | ragingrage the Mummy Berserker began the quest for the Orb.
     0 | D:1      | Reached XP level 1. HP: 18/18 MP: 1/1
   151 | D:1      | Reached XP level 2. HP: 22/24 MP: 2/2
   152 | D:1      | Reached skill level 3 in Axes
   423 | D:1      | Gained mutation: You are in touch with the powers of death.
                  | [Mummy growth]
   423 | D:1      | Reached XP level 3. HP: 29/29 MP: 3/3
   426 | D:1      | Reached ** piety under Trog
   703 | D:2      | Noticed a scorpion
   718 | D:2      | Killed a scorpion
   719 | D:2      | Reached skill level 4 in Axes
   719 | D:2      | Reached XP level 4. HP: 20/35 MP: 4/4
  1309 | D:3      | Noticed Sigmund
  1317 | D:3      | Reached XP level 5. HP: 40/41 MP: 5/5
  1676 | D:3      | Reached skill level 5 in Axes
  1704 | D:3      | Killed Sigmund
  1704 | D:3      | Reached *** piety under Trog
  1705 | D:3      | Reached skill level 6 in Axes
  1705 | D:3      | Reached XP level 6. HP: 47/47 MP: 6/6
  1864 | D:3      | Found a glowing drain.
  1882 | Sewer    | Entered a sewer
  2199 | Sewer    | Reached **** piety under Trog
  2724 | D:4      | Noticed Blork the orc
  2739 | D:4      | Killed Blork the orc
  2740 | D:4      | Reached XP level 7. HP: 36/52 MP: 7/7
  2741 | D:4      | Reached skill level 7 in Axes
  3332 | D:5      | Entered Level 5 of the Dungeon
  3366 | D:4      | Reached skill level 8 in Axes
  3420 | D:5      | Found an ornate altar of the Wu Jian Council.
  3470 | D:5      | Noticed a two-headed ogre
  3590 | D:5      | Reached XP level 8. HP: 36/58 MP: 8/8
  4436 | D:6      | Reached skill level 9 in Axes
  4526 | D:6      | Noticed Eustachio
  4554 | D:6      | Killed Eustachio
  4761 | D:6      | Reached skill level 10 in Axes
  4777 | D:6      | Found a shimmering blue altar of Sif Muna.
  4790 | D:6      | Reached ***** piety under Trog
  4791 | D:6      | Found a hide-covered altar of Uskayaw.
  4852 | D:6      | Reached XP level 9. HP: 53/63 MP: 9/9
  4859 | D:6      | Received a gift from Trog
  4859 | D:6      | Found the +8 frozen axe "Frostbite" {freeze, freezing
                  | cloud, *Noise Fly rC+}
  4916 | D:6      | Found a staircase to the Ecumenical Temple.
  4919 | D:6      | Found a shimmering altar of Xom.
  4960 | D:6      | Noticed a troll
  4967 | D:6      | Mangled by a troll

Illustrated notes

Levels and vault maps discovered:
D:1:      psy_arrival_dodecagon, layout_rooms, grunt_decor_fettered
D:2:      layout_basic, serial_glass, glass_columns_c, glass_columns_b,
          minmay_misc_feat_room
D:3:      layout_loops_cross, serial_undead, serial_undead_b, serial_undead_f,
          serial_undead_d, serial_undead_d, serial_undead_a, serial_undead_e,
          serial_undead_c, serial_undead_e, serial_undead_c, serial_undead_c,
          portal_sewer_entry_d, uniq_sigmund
D:4:      layout_rooms, kennysheep_boxes, uniq_blork_the_orc
D:5:      layout_rooms, old_standard_altar, hangedman_decor_clover_reticule
D:6:      hangedman_cross_stitches, layout_loops_cross, kiku_gazebo_pond_becter,
          xom_butterflies, mainiacjoe_overflow_large_starburst,
          temple_fountains, minmay_ogre_servants, uniq_maggie, uniq_eustachio

Skill      XL: |  1  2  3  4  5  6  7  8 |
---------------+-------------------------+-----
Axes           | 3 4 6 8 10 | 10.8
Fighting       | |  3.0
Armour         | |  1.5
Dodging        | |  1.5

Action                     |  1- 3 |  4- 6 |  7- 9 || total
---------------------------+-------+-------+-------++-------
  Melee: Hand axe          |    87 |   261 |    91 ||   439
         Punch             |     1 |     3 |     4 ||     8
         Broad axe         |       |       |   147 ||   147
         Executioner's axe |       |       |    14 ||    14
 Invoke: Trog's Hand       |       |     1 |     1 ||     2
         Brothers in Arms  |       |     1 |       ||     1
    Use: Scroll            |       |     1 |     3 ||     4
 Armour: Animal skin       |    19 |     6 |       ||    25
         Scale mail        |       |   156 |   146 ||   302
  Dodge: Dodged            |    57 |   173 |   139 ||   369

Table legend: (Time is in decaauts)
 A = Elapsed time spent in this place.
 B = Non-inter-level travel time spent in this place.
 C = Inter-level travel time spent in this place.
 D = Time resting spent in this place.
 E = Time spent auto-exploring this place.
 F = Levels seen in this place.
 G = Mean time per level.
                   A        B        C        D        E       F      G
               +--------+--------+--------+--------+--------+-----+--------+
         Total |   5009 |   4766 |    243 |    986 |   2196 |   7 |  715.6 |
       Dungeon |   4589 |   4346 |    243 |    986 |   1950 |   6 |  764.8 |
         Sewer |    420 |    420 |      0 |      0 |    246 |   1 |  420.0 |
               +--------+--------+--------+--------+--------+-----+--------+

Top non-repeatable levels by time:
     D:4: 1043 daAuts
     D:2: 935 daAuts
     D:3: 749 daAuts
     D:5: 659 daAuts
     D:1: 650 daAuts
     D:6: 550 daAuts
   Sewer: 420 daAuts
